cohdb
Replays
Latest Replays
All Replays
Popular Replays
Top Player Replays
Match Explorer
How It Works
Community
CoH3 Stats
Reddit
Sign in to upload your games and track your stats! →
Sign in with Steam
Match 25690338
Unlisted
Match 25690338
Overview
Messages
Build Orders
End
Construct Section Command Post
Infantry Section
Infantry Section
Infantry Section
Dingo Light Scout Car
Selects Indian Artillery Battlegroup
Selects War Cry
Construct Platoon Command Post
Selects Gurkha Rifles Section
Gurkha Rifles Section
Unlock M3 Stuart Light Tanks
Gurkha Rifles Section
Construct Company Command Post
SneaKerz
gb_gbg
AndyisRIPPIN
Kofot
0
0
Comments
sign in to comment!
No comments posted yet!